 Dungeon Crawl Stone Soup version 0.17.1-3-g152610e (webtiles) character file.

1384 Heskey the Fighter (level 8, -1/77 HPs)
             Began as a Hill Orc Fighter on Mar 27, 2016.
             Was a Believer of Beogh.
             Slain by a killer bee (3 damage)
             ... on level 7 of the Dungeon.
             The game lasted 00:08:56 (4260 turns).

Heskey the Fighter (Hill Orc Fighter)               Turns: 4260, Time: 00:08:57

Health: -1/77      AC: 17    Str: 19 (21) XL:     8   Next: 67%
Magic:  5/8        EV:  5    Int:  8      God:    Beogh [**....]
Gold:   277        SH:  9    Dex: 10      Spells: 0 memorised, 7 levels left

rFire  + . .     SeeInvis .     a - +0 war axe
rCold  + . .     Clarity  .     p - +0 chain mail
rNeg   . . .     SustAt   .     c - +0 shield
rPois  +         Gourm    .     (no helmet)
rElec  +         Spirit   .     (no cloak)
rCorr  +         Warding  .     j - +2 pair of gloves
rMut   .         Stasis   .     b - +1 pair of boots
MR     .....                    u - amulet of faith
Stlth  ..........               (no ring)
                                t - ring of poison resistance

@: lethally poisoned (-1 -> -3), resistant, not resistant to hostile
enchantments, extremely unstealthy
A: mutation resistance 1
a: Smiting, Renounce Religion


You were on level 7 of the Dungeon.
You worshipped Beogh.
Beogh was pleased with you.
You were hungry.

You visited 1 branch of the dungeon, and saw 7 of its levels.

You collected 277 gold pieces.

Inventory:

Hand Weapons
 a - a +0 war axe (weapon)
Armour
 b - a +1 pair of boots (worn)
 c - a +0 shield (worn)
 j - a +2 pair of gloves (worn)
 p - a +0 chain mail (worn)
Jewellery
 t - a ring of poison resistance (left hand)
 u - an amulet of faith (around neck)
 E - a cursed amulet of inaccuracy
Scrolls
 f - 4 scrolls of identify
 g - 2 scrolls of remove curse
 k - a scroll of blinking
Potions
 n - 2 potions of beneficial mutation
 w - a potion of magic
Books
 s - a book of Flames

   Spells                             Type                      Level
   a - Flame Tongue                   Conjuration/Fire             1
   b - Throw Flame                    Conjuration/Fire             2
   c - Conjure Flame                  Conjuration/Fire             3
   d - Inner Flame                    Hexes/Fire                   3
   e - Sticky Flame                   Conjuration/Fire             4
   f - Fireball                       Conjuration/Fire             5
Comestibles
 e - 3 bread rations
 i - a slice of pizza
 l - 3 meat rations
 r - a royal jelly
 A - a beef jerky


   Skills:
 + Level 8.9 Fighting
 + Level 7.4 Axes
 + Level 7.1 Armour
 - Level 3.2 Shields


You had 7 spell levels left.
You didn't know any spells.

Dungeon Overview and Level Annotations

Branches:
Dungeon (7/15)             Temple (0/1) D:5

Altars:
Gozag
Makhleb
Okawaru
Ru
Trog
Vehumet
Yredelemnul


Innate Abilities, Weirdness & Mutations

You are somewhat resistant to further mutation.


Message History

* * * LOW HITPOINT WARNING * * *
You slash the killer bee!
You kill the killer bee!
Beogh accepts your kill.
You hit the killer bee but do no damage.
The killer bee is moderately wounded.
You feel sick.
The killer bee stings you but does no damage.
You block the killer bee's attack.
The killer bee stings you but does no damage.
Aiming: Smiting
Press: ? - help, Dir - move target cursor, f - killer bee Smite: a killer bee You smite the killer bee!
The killer bee is heavily wounded.
The killer bee buzzes angrily.
You feel somewhat more hungry. The killer bee stings you.
* * * LOW HITPOINT WARNING * * *
The killer bee stings you.
You die...

#######
#.....#########
#.........!...####
#@y....y..........
#!y>.........))...
###.....(.....)...
#..(.((.....#.###.
#...........#(....
#...........#(...$
###+#######.#.....
........†.....
#########.#.#.####


You could see 3 killer bees.

Vanquished Creatures
  2 phantoms (D:6)
  A centaur (D:7)
  3 ogres
  A big kobold (D:7)
  2 killer bees (D:7)
  2 crimson imps (D:6)
  A jelly (D:5)
  6 hounds
  2 orc priests
  3 orc wizards
  3 worker ants
  13 adders
  2 shadow imps
  An adder skeleton (D:5)
  3 worms
  2 giant geckos (D:1)
  16 orcs
  2 ball pythons
  3 bats
  4 giant cockroaches
  9 hobgoblins
  4 jackals (D:2)
  5 kobolds
  2 giant newts
  5 goblins
  A quokka (D:5)
  A quokka skeleton (D:7)
  7 rats
106 creatures vanquished.

Notes
Turn   | Place    | Note
--------------------------------------------------------------
     0 | D:1      | Heskey the Hill Orc Fighter began the quest for the Orb.
     0 | D:1      | Reached XP level 1. HP: 19/19 MP: 1/1
   221 | D:1      | Reached XP level 2. HP: 25/27 MP: 2/2
   500 | D:1      | Reached skill level 4 in Fighting
   849 | D:2      | Reached XP level 3. HP: 29/33 MP: 3/3
   953 | D:2      | Reached XP level 4. HP: 39/41 MP: 4/4
  1033 | D:2      | Found a burning altar of Makhleb.
  1049 | D:2      | Found a radiant altar of Vehumet.
  1398 | D:2      | Reached skill level 5 in Fighting
  1838 | D:3      | Reached XP level 5. HP: 42/48 MP: 5/5
  1905 | D:4      | Noticed an ogre
  1916 | D:4      | HP: 2/48 [ogre/giant club (12)]
  1918 | D:4      | Killed an ogre
  1918 | D:4      | Reached skill level 6 in Fighting
  1918 | D:4      | Reached XP level 6. HP: 3/57 MP: 6/6
  2226 | D:4      | Became a worshipper of Beogh the Brigand
  2572 | D:4      | Found a sacrificial altar of Ru.
  2624 | D:5      | Entered Level 5 of the Dungeon
  2662 | D:5      | Reached skill level 5 in Armour
  2733 | D:5      | Reached skill level 7 in Fighting
  2733 | D:5      | Reached skill level 5 in Axes
  2733 | D:5      | Reached XP level 7. HP: 53/66 MP: 7/7
  2752 | D:5      | Found an opulent altar of Gozag.
  2753 | D:5      | Found a basalt altar of Yredelemnul.
  2982 | D:5      | Found a staircase to the Ecumenical Temple.
  2993 | D:5      | Reached * piety under Beogh
  3641 | D:6      | Found a bloodstained altar of Trog.
  3721 | D:6      | Reached XP level 8. HP: 44/74 MP: 8/8
  3873 | D:6      | Reached skill level 8 in Fighting
  4079 | D:7      | Found an iron altar of Okawaru.
  4083 | D:7      | Reached ** piety under Beogh
  4232 | D:7      | Gained mutation: You are somewhat resistant to further mutation. [potion of beneficial mutation]
  4260 | D:7      | HP: 2/77 [killer bee (6)]
  4260 | D:7      | Slain by a killer bee

Action                   |  1- 3 |  4- 6 |  7- 9 || total
-------------------------+-------+-------+-------++-------
Melee: War axe           |   115 |   172 |   178 ||   465
Invok: Smiting           |       |       |     1 ||     1
  Use: Potion            |     1 |       |     9 ||    10
       Scroll            |       |       |    13 ||    13
  Eat: Chunk             |       |     6 |     5 ||    11
